Map: Thunderbird LE

Players

ChuckNorris

  • Race: Zerg Zerg
  • League: Diamond
  • Spawn Location: 11:00

VaeVictus - Winner!

  • Race: Protoss Protoss
  • League: Diamond
  • Spawn Location: 5:00

VOD

Have the link to the VOD?

Description

Time

  • Played on: Nov. 26, 2019, 11:09 a.m.
  • Length: 9:41
Show
View Real Time Build Order
Export as new Build Order

ChuckNorris Zerg 

Build Orders: Hatch First, Swarm Host 

Get SALT Encoding   

  12  0:01  Drone  
  13  0:13  Overlord  
  13  0:17  Drone  
  14  0:31  Drone  
  15  0:39  Drone x2  
  17  0:46  Drone  
  18  0:59  Hatchery  
  18  1:02  Drone  
  18  1:03  Extractor  
  17  1:17  Spawning Pool  
  17  1:18  Drone  
  17  1:24  Drone  
  18  1:28  Drone  
  19  1:40  Overlord  
  19  1:56  Drone  
  20  2:04  Zergling x2  
  20  2:05  Queen  
  23  2:13  Queen  
  23  2:15  Metabolic Boost  
  25  2:20  Drone x2  
  25  2:22  Drone  
  28  2:26  Drone  
  29  2:42  Hatchery, Drone  
  29  2:49  Queen  
  31  2:55  Queen  
  33  3:01  Zergling x4  
  34  3:15  Zergling x2  
  34  3:18  Overlord x2  
  35  3:29  Overlord x2  
  35  3:41  Drone x3  
  35  3:43  Drone  
  35  3:44  Drone  
  40  3:56  Drone x2  
  40  3:57  Queen  
  40  3:58  Overlord  
  44  4:03  Lair  
  43  4:18  Zergling x8  
  43  4:19  Zergling x6  
  50  4:32  Drone  
  50  4:33  Queen, Drone x4  
  50  4:35  Extractor, Drone x2  
  50  4:36  Extractor  
  57  4:43  Drone  
  57  4:44  Drone x2  
  60  4:46  Drone x2  
  60  5:10  Overseer, Spore Crawler  
  61  5:17  Spore Crawler  
  61  5:19  Drone  
  61  5:20  Hydralisk Den  
  55  5:38  Drone x8  
  55  5:39  Drone  
  64  5:48  Queen x2  
  68  5:50  Hatchery  
  68  5:52  Hatchery  
  68  5:53  Muscular Augments  
  66  5:57  Overlord  
  66  5:58  Overlord  
  66  5:59  Drone x2  
  68  6:09  Baneling Nest  
  67  6:15  Extractor  
  66  6:25  Overlord x2  
  66  6:26  Overlord  
  66  6:27  Hydralisk x5  
  76  6:37  Overseer  
  76  6:44  Drone x3  
  79  6:47  Evolution Chamber  
  79  6:48  Evolution Chamber  
  77  7:00  Hydralisk  
  77  7:01  Hydralisk x5  
  88  7:11  Drone  
  88  7:12  Drone x6  
  95  7:27  Grooved Spines  
  95  7:28  Infestation Pit  
  95  7:29  Zerg Missile Weapons Level 1, Zerg Ground Armor Level 1  
  94  7:40  Overlord x2  
  94  7:57  Overlord x2  
  94  7:58  Drone x6  
  95  7:59  Drone x6  
  95  8:01  Extractor  
  95  8:02  Extractor  
  95  8:05  Queen  
  106  8:12  Extractor  
  105  8:16  Extractor  
  104  8:21  Swarm Host x6  
  104  8:22  Swarm Host  
  125  8:34  Drone x2  
  119  8:41  Hydralisk  
  119  8:42  Hydralisk x6  
  126  9:07  Hydralisk x8  
Show
View Real Time Build Order
Export as new Build Order

VaeVictus Protoss - Winner!

Build Orders: 1 Gate Expand, Zealot Archon, Archon Drop, Dark Templar Rush 

Get SALT Encoding   

  12  0:00  Probe  
  13  0:12  Probe  
  14  0:21  Pylon  
  14  0:24  Probe  
  15  0:39  Probe (Chrono Boost)  
  16  0:44  Gateway  
  16  0:48  Assimilator, Probe (Chrono Boost)  
  17  0:53  Probe (Chrono Boost)  
  18  1:05  Probe  
  19  1:17  Probe  
  20  1:26  Nexus  
  20  1:33  Cybernetics Core  
  20  1:35  Probe  
  21  1:41  Assimilator  
  21  1:56  Probe  
  21  1:58  Pylon  
  22  2:08  Probe  
  23  2:18  Adept (Chrono Boost)  
  23  2:20  Twilight Council  
  25  2:23  Warp Gate  
  25  2:25  Probe  
  26  2:37  Stalker, Probe  
  26  2:42  Probe  
  30  2:49  Probe (Chrono Boost)  
  31  2:53  Robotics Facility  
  32  3:01  Probe x2 (Chrono Boost)  
  33  3:08  Probe (Chrono Boost)  
  33  3:10  Probe (Chrono Boost)  
  35  3:15  Probe  
  36  3:20  Probe  
  36  3:24  Dark Shrine  
  37  3:28  Probe  
  39  3:37  Warp Prism (Chrono Boost), Gateway  
  39  3:38  Gateway  
  40  3:44  Probe x2  
  40  3:50  Gateway  
  40  3:58  Probe  
  40  3:59  Probe  
  40  4:01  Assimilator  
  40  4:02  Assimilator  
  42  4:04  Pylon  
  42  4:11  Probe  
  42  4:13  Pylon  
  42  4:14  Probe  
  44  4:23  Probe  
  45  4:26  Probe  
  46  4:37  Dark Templar x2  
  46  4:38  Dark Templar  
  52  4:44  Dark Templar  
  54  4:47  Probe x2  
  56  5:06  Pylon  
  56  5:09  Probe  
  56  5:11  Adept x2  
  60  5:36  Probe x2  
  60  5:37  Observer  
  63  5:48  Probe x2  
  63  5:49  Sentry x2  
  69  5:55  Forge, Charge  
  69  5:56  Nexus  
  69  6:00  Pylon  
  69  6:02  Archon x2  
  69  6:06  Probe  
  69  6:09  Pylon  
  70  6:18  Immortal, Probe, Protoss Ground Weapons Level 1 (Chrono Boost)  
  75  6:22  Gateway  
  75  6:24  Gateway  
  75  6:29  Gateway  
  75  6:30  Sentry x3  
  75  6:31  Sentry, Gateway  
  83  6:34  Pylon  
  83  6:36  Probe  
  84  6:41  Probe  
  85  6:48  Probe  
  85  6:53  Probe  
  87  6:56  Immortal (Chrono Boost)  
  87  7:00  Probe  
  92  7:05  Probe  
  92  7:13  Zealot x4  
  100  7:21  Immortal (Chrono Boost), Probe  
  100  7:22  Probe x2  
  107  7:33  Zealot  
  107  7:36  Pylon  
  109  7:38  Pylon  
  109  7:54  Probe  
  109  7:56  Observer  
  111  8:01  Dark Templar x2  
  111  8:02  Dark Templar x2  
  111  8:04  Zealot x2  
  111  8:05  Zealot  
  125  8:09  Pylon  
  125  8:11  Pylon  
  125  8:14  Assimilator  
  125  8:16  Assimilator  
  125  8:19  Archon x2  
  125  8:27  Probe x3  
  125  8:29  Zealot  
  130  8:34  Templar Archives  
  130  8:37  Pylon  
  130  8:39  Probe x3  
  133  8:47  Zealot  
  133  8:48  Zealot x3  
  141  8:55  Probe  
  142  8:56  Pylon  
  142  8:57  Pylon  
  132  9:22  Zealot x8  
  140  9:26  Probe x3  
Tags
 
Add a new tag
Caveats
  • Supply blocks, unpowered buildings, or Contaminate may cause inaccurate times.
  • Supply counts are checked every 10 seconds.